 Dungeon Crawl Stone Soup version 0.31-a0-234-gad7ace16ef (webtiles) character file.

Game seed: 13451222483415917047

67 Harunobu the Cudgeller (level 4, -1/28 HPs)
             Began as a Gargoyle Gladiator on July 10, 2023.
             Slain by Ijyb
             ... wielding a +0 dagger
              (8 damage)
             ... on level 3 of the Dungeon.
             The game lasted 00:03:41 (2247 turns).

Harunobu the Cudgeller (Gargoyle Gladiator)         Turns: 2247, Time: 00:03:42

Health: -1/28      AC: 17    Str: 20    XL:     4   Next: 18%
Magic:  4/4        EV: 11    Int:  8    God:
Gold:   79         SH:  0    Dex: 11    Spells: 3/3 levels left

rFire   . . .        m - +2 dagger (protect)
rCold   . . .        (no shield)
rNeg    + . .        p - +0 ring mail
rPois   ∞            u - +1 helmet
rElec   +            (no cloak)
rCorr   .            (no gloves)
SInv    .            (no boots)
Will    .....        (no amulet)
Stlth   +            t - +4 ring of slaying
HPRegen 0.24/turn    (no ring)
MPRegen 0.09/turn

%: no passive effects
@: under a protective aura
A: sickness immunity, AC +3, negative energy resistance 1, electricity
resistance, torment resistance 1, petrification resistance
a: no special abilities


You were on level 3 of the Dungeon.
You visited 1 branch of the dungeon, and saw 3 of its levels.

You collected 79 gold pieces.

Inventory:

Hand Weapons
 a - a +0 flail
 l - a +0 whip
 m - a +2 dagger of protection (weapon)
Missiles
 d - 3 throwing nets (quivered)
 e - a javelin
Armour
 b - a +0 leather armour
 c - a +0 helmet
 p - a +0 ring mail (worn)
 u - a +1 helmet (worn)
Jewellery
 t - a +4 ring of slaying (left hand)
Scrolls
 f - a scroll of silence {unknown}
 h - a scroll of butterflies {unknown}
 i - a scroll of blinking {unknown}
 j - 3 scrolls of identify {unknown}
 n - a scroll of noise {unknown}
 o - 6 scrolls of teleportation {unknown}
 r - a scroll of enchant armour {unknown}
 s - a scroll of poison {unknown}
 v - a scroll of brand weapon {unknown}
 w - a scroll of immolation {unknown}
Potions
 g - a potion of magic {unknown}
 k - a potion of berserk rage
 q - a potion of attraction {unknown}


   Skills:
 + Level 3.0 Fighting
 + Level 3.5 Maces & Flails
 + Level 2.5 Throwing
 + Level 2.8 Dodging


You had 3 spell levels left.
You didn't know any spells.
Your spell library contained the following spells:

 Spells                   Type           Power      Damage    Failure   Level
 Apportation              Tloc           0%         N/A       58%         1
 Alistair's Intoxication  Tmut/Pois      0%         N/A       100%        5


Dungeon Overview and Level Annotations

Branches:
Dungeon (3/15)

Altars:
Xom

Shops:
D:1 *

Annotations:
D:3 Ijyb


Innate Abilities, Weirdness & Mutations

You are immune to sickness and miasma.
Your stone body is resilient. (AC +3)
You are immune to poison.
You resist negative energy. (rN+)
You are resistant to electric shocks. (rElec)
You are resistant to unholy torment.
You are immune to petrification.


Message History

Ijyb is heavily wounded.
Ijyb misses you. Ijyb hits you but does no damage.
You closely miss Ijyb. Your punch misses Ijyb.
Ijyb is heavily wounded.
Ijyb barely misses you.
You hit Ijyb.
Ijyb is heavily wounded.
Ijyb misses you. Ijyb barely misses you.
You hit Ijyb.
Ijyb is severely wounded.
Ijyb hits you with a +0 dagger.
You miss Ijyb.
Ijyb is severely wounded.
Ijyb hits you but does no damage. Ijyb hits you with a +0 dagger.
You closely miss Ijyb.
Ijyb is severely wounded.
Ijyb hits you but does no damage.
You hit Ijyb but do no damage.
Ijyb is severely wounded.
Ijyb hits you with a +0 dagger. Ijyb hits you but does no damage.
You hit Ijyb but do no damage.
Ijyb is severely wounded.
Ijyb hits you with a +0 dagger.
You hit Ijyb.
Ijyb is almost dead.
Ijyb hits you but does no damage. Ijyb misses you.
You hit Ijyb.
Ijyb is almost dead.
Ijyb barely misses you.
You completely miss Ijyb.
Ijyb is almost dead.
Ijyb closely misses you. Ijyb hits you but does no damage.
You barely miss Ijyb.
Ijyb is almost dead.
Ijyb hits you with a +0 dagger.
* * * LOW HITPOINT WARNING * * *
You barely miss Ijyb.
Ijyb is almost dead.
Ijyb hits you with a +0 dagger!
You die...

#♣......## #........#
♣♣.....# ......♣..
#♣......# .....♣♣
#.......## ##......♣
#........####........
#....................
#...................
##..♣♣..........♣♣.
##. ♣.......@..♣ #
..........g......
##.....♣........##
##...♣♣♣......##
###.. ......## ##
########


You could see Ijyb (berserk).

Vanquished Creatures
  3 dart slugs
  7 orcs
  7 endoplasms
  2 giant cockroaches
  4 goblins
  3 hobgoblins
  7 kobolds
  A quokka (D:1)
  2 ball pythons (D:1)
  6 bats
  5 frilled lizards
  2 rats
49 creatures vanquished.

Notes
Turn   | Place    | Note
-------+----------+-------------------------------------------
     0 | D:1      | Harunobu the Gargoyle Gladiator began the quest for the
                  | Orb.
     0 | D:1      | Reached XP level 1. HP: 12/12 MP: 1/1
   203 | D:1      | Found Jycoen's Assorted Antiques.
   257 | D:1      | Reached XP level 2. HP: 13/18 MP: 2/2
   782 | D:2      | Reached XP level 3. HP: 17/22 MP: 3/3
  1234 | D:2      | Found a faded altar of an unknown god.
  1641 | D:2      | Found a shimmering altar of Xom.
  1982 | D:3      | Reached XP level 4. HP: 26/27 MP: 4/4
  2226 | D:3      | Noticed Ijyb
  2247 | D:3      | Slain by Ijyb

Illustrated notes

Levels and vault maps discovered:
D:1:      nicolae_arrival_memento_mori, layout_basic, serial_shops,
          nicolae_shop_hallway_plus
D:2:      layout_loops_ring, basic_altar,
          hellmonk_ecumenical_altar_defaced_shrine
D:3:      layout_basic, mainiacjoe_overflow_tiny_flanked,
          kennysheep_decorative_pillar, minmay_between, uniq_ijyb

Skill      XL: |  1  2  3  4 |
---------------+-------------+-----
Throwing       | 2 |  2.5
Fighting       | 3 |  3.0
Maces & Flails | |  3.5
Dodging        | |  2.8

Action                     |  1- 3 |  4- 6 || total
---------------------------+-------+-------++-------
  Melee: Flail             |    46 |       ||    46
         Whip              |    10 |       ||    10
         Dagger            |    72 |    38 ||   110
         Punch             |     2 |       ||     2
 Armour: Leather armour    |    37 |       ||    37
         Ring mail         |    19 |    21 ||    40
  Dodge: Dodged            |    79 |    24 ||   103

Table legend: (Time is in decaauts)
 A = Elapsed time spent in this place.
 B = Non-inter-level travel time spent in this place.
 C = Inter-level travel time spent in this place.
 D = Time resting spent in this place.
 E = Time spent auto-exploring this place.
 F = Levels seen in this place.
 G = Mean time per level.
                   A        B        C        D        E       F      G
               +--------+--------+--------+--------+--------+-----+--------+
         Total |   2255 |   2226 |     29 |    533 |   1210 |   3 |  751.7 |
       Dungeon |   2255 |   2226 |     29 |    533 |   1210 |   3 |  751.7 |
               +--------+--------+--------+--------+--------+-----+--------+

Top non-repeatable levels by time:
     D:2: 1097 daAuts
     D:1: 748 daAuts
     D:3: 409 daAuts
